 Dungeon Crawl Stone Soup version 0.31.0-32-g396128a36d (webtiles) character file.

Game seed: 8952480987742897783

3555 hawla the Arsonist (level 9, -10/43 (45) HPs)
             Began as a Deep Elf Fire Elementalist on Apr 16, 2024.
             Mangled by a wight
             ... wielding a +0 great sword
              (15 damage)
             ... on level 8 of the Dungeon.
             The game lasted 00:18:24 (7289 turns).

hawla the Arsonist (Deep Elf Fire Elementalist)     Turns: 7289, Time: 00:18:25

HP:   -10/43 (45)   AC:  4    Str:  7      XL:     9   Next: 83%
MP:   15/15         EV: 13    Int: 23      God:
Gold: 222           SH:  0    Dex: 14 (15) Spells: 7/14 levels left

rFire   . . .        d - +5 short sword (venom)
rCold   . . .        (no shield)
rNeg    . . .        a - +0 robe
rPois   .            (no helmet)
rElec   .            c - +0 cloak
rCorr   .            u - +0 pair of gloves
SInv    .            (no boots)
Will    .....        (no amulet)
Stlth   ++           h - ring of flight
HPRegen 0.27/turn    (no ring)
MPRegen 0.14/turn

%: no passive effects
@: about to teleport, flying, lightly drained
A: talons 1, sense surroundings 1
a: no special abilities


You were on level 8 of the Dungeon.
You visited 1 branch of the dungeon, and saw 8 of its levels.

You collected 222 gold pieces.

Inventory:

Hand Weapons
 d - a +5 short sword of venom (weapon)
 g - a +0 scimitar
 s - a +5 long sword of freezing
Armour
 a - a +0 robe (worn)
 c - a +0 cloak (worn)
 u - a +0 pair of gloves (worn)
Jewellery
 h - a ring of flight (left hand)
 v - a ring of magical power
Wands
 o - a wand of iceblast (6)
 r - a wand of quicksilver (12) (quivered)
Scrolls
 b - a scroll of amnesia
 e - a scroll of teleportation
 k - a scroll of enchant armour
 m - 2 scrolls of revelation
 n - 3 scrolls of fog
 p - a scroll of summoning {unknown}
 t - 2 scrolls of immolation {unknown}
Potions
 f - 5 potions of haste
 i - 3 potions of mutation
 j - a potion of curing {unknown}
 l - 2 potions of attraction {unknown}
 q - a potion of enlightenment {unknown}


   Skills:
 - Level 2.0 Short Blades
 - Level 4.5 Dodging
 - Level 2.4 Stealth
 - Level 3.0 Spellcasting
 - Level 1.1 Conjurations
 + Level 14.7 Fire Magic
 - Level 2.1 Evocations


You had 7 spell levels left.
You knew the following spells:

 Your Spells              Type           Power      Damage    Failure   Level
a - Foxfire               Conj/Fire      100%       2x1d9     1%          1
b - Scorch                Fire           100%       2d9       1%          2
c - Flame Wave            Conj/Fire      40%        2d11      4%          4

Your spell library contained the following spells:

 Spells                   Type           Power      Damage    Failure   Level
 Inner Flame              Hex/Fire       37%        N/A       1%          3
 Volatile Blastmotes      Fire/Tloc      74%        2d16      1%          3
 Sticky Flame             Fire/Alch      37%        2d8       5%          4
 Summon Blazeheart Golem  Fire/Summ      37%        N/A       5%          4
 Sting                    Conj/Alch      24%        1d4       9%          1
 Apportation              Tloc           6%         N/A       12%         1
 Necrotise                Necr           12%        1d4       12%         1
 Summon Small Mammal      Summ           12%        N/A       12%         1
 Call Imp                 Summ           6%         N/A       17%         2
 Sublimation of Blood     Necr           3%         N/A       17%         2
 Hailstorm                Conj/Ice       6%         3d5       26%         3
 Call Canine Familiar     Summ           3%         N/A       34%         3
 Fugue of the Fallen      Necr           3%         N/A       34%         3
 Ozocubu's Armour         Ice            3%         N/A       34%         3
 Summon Ice Beast         Ice/Summ       3%         N/A       34%         3
 Fulminant Prism          Conj/Alch      3%         3d5       65%         4
 Iskenderun's Mystic Bla  Conj/Tloc      6%         2d4       65%         4
 Manifold Assault         Tloc           3%         N/A       75%         4
 Ozocubu's Refrigeration  Ice            1%         4d7       100%        7
 Summon Hydra             Summ           1%         N/A       100%        7


Dungeon Overview and Level Annotations

Branches:
Dungeon (8/15)             Temple (0/1) D:5
   Lair: D:8-11

Altars:
Cheibriados
Dithmenos
Elyvilon
Gozag
Okawaru
Ru
Wu Jian

Shops:
D:1 !   D:6 :

Annotations:
D:7 dig the spellbook


Innate Abilities, Weirdness & Mutations

You have sharp toenails.
You passively map a small area around you.


Message History

Your foxfire completely resists.
The flame wave engulfs your foxfire.
Your foxfire completely resists.
The flame wave engulfs the wight!
You destroy the wight! (Press . to intensify the flame waves.)
You hear a croak.
The foxfire hits the wight.
The wight is moderately damaged.
The foxfire hits the wight.
The wight is heavily damaged.
You feel your dexterity returning.
A wave of flame ripples out!
The flame wave engulfs the wight!!
You destroy the wight!
A wave of flame ripples out!
The flame wave engulfs the wight!
You destroy the wight!
The flame wave engulfs the wight.
The wight is lightly damaged.
You finish channelling waves of flame.
A wight comes into view. It is wielding a +0 great sword.
Unknown command.
You fly upwards.
Level annotation: dig the spellbook
There is a stone staircase leading down here.
You start resting.
Magic restored.
You fly downwards.
The bullfrog closely misses you. The bullfrog hits you.
The wight hits you with a +4 heavy flail!
The wight hits you with a +0 great sword!
* * * LOW HITPOINT WARNING * * *
You feel drained.
* * * LOW HITPOINT WARNING * * *
The bullfrog misses you.
There is a stone staircase leading up, spattered with blood here.
Okay, then.
Okay, then.
As you read the scroll of teleportation, it crumbles to dust.
You feel strangely unstable. The bullfrog completely misses you.
The wight hits you with a +0 great sword!
You die...

, ,,, * #. ...,
* #. .. #
#.*.., ,
..####. .# * ,
#......#.# ,,
., ,
,.........# ...
, , *
......Fz.#.....
.......@.[..._.
*
######z#.#.....
, ,...,.# ... ,
#... .# , . ,
.....+.# ,
......*..
...#... .. ,
*####### #. ,,,
, ,


You could see a bullfrog and 2 wights.

Vanquished Creatures
  Pikel (D:6)
  Menkaure (D:5)
  Edmund (D:6)
  An ice beast (D:6)
  An orc warrior (D:7)
  5 black bears
  A sky beast (D:5)
  A centaur (D:5)
  4 lemures (D:6)
  An ogre (D:6)
  A phantom (D:6)
  3 bullfrogs
  17 wights
  2 howler monkeys
  3 jellies
  3 orc priests (D:5)
  2 bombardier beetles
  2 hounds
  Crazy Yiuf (D:5)
  A sleepcap (D:7)
  4 iguanas
  4 orc wizards (D:7)
  4 gnolls (D:7)
  2 adders
  2 shadow imps (D:6)
  2 white imps
  2 ufetubi (D:7)
  A ribbon worm (D:2)
  4 dart slugs
  17 orcs
  4 endoplasms
  2 giant cockroaches
  9 goblins
  8 hobgoblins
  3 jackals (D:3)
  6 kobolds
  2 quokkas (D:4)
  6 ball pythons
  6 bats
  7 frilled lizards
  6 rats
153 creatures vanquished.

Vanquished Creatures (collateral kills)
  A foxfire (D:6)
1 creature vanquished.

Vanquished Creatures (others)
  275 foxfires
275 creatures vanquished.

Grand Total: 429 creatures vanquished

Notes
Turn   | Place    | Note
-------+----------+-------------------------------------------
     0 | D:1      | hawla the Deep Elf Fire Elementalist began the quest for
                  | the Orb.
     0 | D:1      | Reached XP level 1. HP: 10/10 MP: 6/6
    83 | D:1      | Reached XP level 2. HP: 12/15 MP: 4/8
   133 | D:1      | Learned a level 2 spell: Scorch
   471 | D:1      | Reached skill level 4 in Fire Magic
   616 | D:1      | Found Ewnel's Distillery.
   622 | D:1      | Reached XP level 3. HP: 14/19 MP: 5/9
  1329 | D:2      | Identified the +1 sling of the Radish {elec, Str+4}
  1953 | D:3      | Reached skill level 1 in Evocations
  1953 | D:3      | Reached XP level 4. HP: 18/24 MP: 3/10
  2162 | D:3      | Found an iron altar of Okawaru.
  2215 | D:3      | Found a shadowy altar of Dithmenos.
  2368 | D:4      | Noticed a black bear
  2371 | D:4      | Killed a black bear
  2372 | D:4      | Reached XP level 5. HP: 28/28 MP: 5/11
  2377 | D:4      | Learned a level 4 spell: Flame Wave
  2804 | D:5      | Entered Level 5 of the Dungeon
  2830 | D:5      | Noticed a black bear
  2838 | D:5      | Killed a black bear
  2839 | D:5      | Reached skill level 5 in Fire Magic
  2839 | D:5      | Reached XP level 6. HP: 32/32 MP: 4/12
  3021 | D:5      | Found a runed translucent door.
  3022 | D:5      | Noticed Crazy Yiuf
  3076 | D:5      | Noticed a sky beast
  3080 | D:5      | Reached skill level 6 in Fire Magic
  3083 | D:5      | Killed a sky beast
  3228 | D:5      | Reached skill level 7 in Fire Magic
  3268 | D:5      | Found a staircase to the Ecumenical Temple.
  3450 | D:5      | Reached XP level 7. HP: 23/36 MP: 6/13
  3598 | D:5      | Reached skill level 8 in Fire Magic
  3618 | D:5      | Noticed Menkaure
  3625 | D:5      | Killed Menkaure
  3626 | D:5      | Reached skill level 9 in Fire Magic
  4112 | D:5      | Killed Crazy Yiuf
  4113 | D:5      | Reached XP level 8. HP: 24/41 MP: 4/14
  4122 | D:5      | Identified the +3 hammer of Doll {heavy, rCorr Int+3}
  4223 | D:6      | Found Caomny's Book Emporium.
  4371 | D:6      | Reached skill level 10 in Fire Magic
  4504 | D:6      | Noticed Pikel
  4510 | D:6      | Killed Pikel
  4511 | D:6      | Reached skill level 11 in Fire Magic
  4609 | D:6      | Found a snail-covered altar of Cheibriados.
  4661 | D:6      | Reached skill level 12 in Fire Magic
  4828 | D:6      | Noticed Edmund
  4838 | D:6      | Killed Edmund
  4839 | D:6      | Reached XP level 9. HP: 43/45 MP: 6/15
  5495 | D:6      | Got Otrob's Codex of Freezing
  5822 | D:7      | Gained mutation: You have sharp toenails. [potion of
                  | mutation]
  5822 | D:7      | Gained mutation: You passively map a small area around you.
                  | [potion of mutation]
  5959 | D:7      | Reached skill level 13 in Fire Magic
  6108 | D:7      | Found a white marble altar of Elyvilon.
  6511 | D:7      | Found an ornate altar of the Wu Jian Council.
  6788 | D:7      | Reached skill level 14 in Fire Magic
  7055 | D:7      | Found a sacrificial altar of Ru.
  7201 | D:8      | Found an opulent altar of Gozag.
  7289 | D:8      | Mangled by a wight

Illustrated notes

Levels and vault maps discovered:
D:1:      dpeg_arrival_windows_large_door, layout_rooms, serial_shops, shop
D:2:      minmay_alternating_diamond, layout_rooms, serial_forest,
          infiniplex_forest_lined_3_way, infiniplex_forest_end_2,
          infiniplex_forest_lined_4_way, infiniplex_forest_side_room,
          infiniplex_forest_corner_1, infiniplex_forest_clump_C,
          infiniplex_forest_straight_4, infiniplex_forest_lined_3,
          nicolae_concentric_dashed_squares_mild
D:3:      layout_basic, grunt_dithmenos_smoke, overflow_temple_1_default
D:4:      layout_rooms, minmay_statues_item
D:5:      layout_layer_cave, minmay_temple_entry_antechambers,
          kennysheep_cluttered_room, uniq_menkaure, uniq_crazy_yiuf_cottage
D:6:      layout_basic, mainiacjoe_overflow_brackets, serial_shops, shop,
          st_stairs_3, serial_bayou_crossing, uniq_pikel, uniq_edmund
D:7:      lemuel_ice_spiral_2, layout_basic, elyvilon_altar_3,
          nicolae_wu_jian_glorious_leap, kennysheep_mini_moat
D:8:      layout_basic, lemuel_tele_altar, nicolae_overflow_crystal_walls,
          david_lair_shrubbed, gammafunk_ghost_nasty_kobolds

Skill      XL: |  1  2  3  4  5  6  7  8  9 |
---------------+----------------------------+-----
Dodging        | 3 4 |  4.5
Fire Magic     | 4 5 7 9 12 14 | 14.7
Evocations     | 1 2 |  2.1
Short Blades   | 2 |  2.0
Stealth        | |  2.4
Spellcasting   | |  3.0
Conjurations   | |  1.1

Action                     |  1- 3 |  4- 6 |  7- 9 || total
---------------------------+-------+-------+-------++-------
  Melee: Unarmed           |     9 |       |       ||     9
         Short sword       |    16 |    19 |    43 ||    78
         Punch             |       |       |     1 ||     1
         Kick              |       |       |     3 ||     3
   Cast: Foxfire           |    55 |    34 |    66 ||   155
         Scorch            |    15 |    13 |    48 ||    76
         Flame Wave        |       |       |    11 ||    11
    Use: Scroll            |     5 |     1 |     8 ||    14
         Potion            |       |       |     6 ||     6
   Stab: Sleeping          |       |     2 |     1 ||     3
         Distracted        |       |       |     1 ||     1
 Armour: Robe              |    17 |     8 |    67 ||    92
  Dodge: Dodged            |    36 |    12 |    71 ||   119
